 Dungeon Crawl Stone Soup version 0.27.1-4-g1640c2035a (webtiles) character file.

Game seed: 4249408981489126935

1254 horus123 the Agent of Entropy (level 8, 0/58 HPs)
             Began as a Demonspawn Abyssal Knight on Oct 31, 2021.
             Was a Priest of Lugonu.
             Slain by an orc warrior (10 damage)
             ... on level 5 of the Dungeon.
             The game lasted 00:13:43 (5843 turns).

horus123 the Agent of Entropy (DsAK)                Turns: 5843, Time: 00:13:44

Health: 0/58       AC: 13    Str: 15    XL:     8   Next: 26%
Magic:  12/13      EV: 11    Int: 14    God:    Lugonu [***...]
Gold:   219        SH:  0    Dex: 14    Spells: 7/12 levels left

rFire    . . .     SeeInvis .     - Unarmed
rCold    . . .     Faith    .   (no shield)
rNeg     . . .     Spirit   .   a - +0 leather armour
rPois    .         Reflect  .   g - +0 helmet
rElec    +         Harm     .   d - +1 cloak
rCorr    .         Rampage  .   (no gloves)
Will     .....                  (no boots)
Stlth    +.........             (no amulet)
HPRegen  0.19/turn              h - +4 ring of protection
MPRegen  0.26/turn              (no ring)

@: confusing by touch
A: claws 2, yellow scales 2, magic regeneration, agile 1, electricity
resistance, no potion heal 1
a: Renounce Religion, Depart the Abyss, Bend Space, Banish


You were on level 5 of the Dungeon.
You worshipped Lugonu.
Lugonu was most pleased with you.
You visited 1 branch of the dungeon, and saw 5 of its levels.
You visited the Abyss 1 time.

You collected 219 gold pieces.

Inventory:

Armour
 a - a +0 leather armour (worn)
 b - a +0 ring mail
 d - a +1 cloak (worn)
 e - a +0 chain mail
 g - a +0 helmet (worn)
Magical Staves
 i - a staff of fire
Jewellery
 h - a +4 ring of protection (left claw)
Wands
 f - a wand of acid (5)
 k - a wand of paralysis (5)
Scrolls
 c - a scroll of amnesia
 j - a scroll of teleportation {unknown}
Potions
 l - a potion of berserk rage {unknown}


   Skills:
 - Level 3.1 Fighting
 - Level 3.1 Armour
 - Level 0.9 Dodging
 - Level 4.6 Unarmed Combat
 + Level 2.5 Spellcasting
 + Level 3.2 Hexes
 * Level 7.1 Invocations
 - Level 4.0 Evocations


You had 7 spell levels left.
You knew the following spells:

 Your Spells              Type           Power      Damage    Failure   Level
a - Slow                  Hex            10%        N/A       11%         2
b - Confusing Touch       Hex            10%        N/A       22%         3

Your spell library contained the following spells:

 Spells                   Type           Power      Damage    Failure   Level
 Ignite Poison            Fire/Tmut/Pois 1%         N/A       63%         3
 Mephitic Cloud           Conj/Pois/Air  1%         N/A       63%         3
 Yara's Violent Unravell  Hex/Tmut       3%         3d4       98%         5
 Bolt of Magma            Conj/Fire/Erth 0%         4d4       100%        5


Dungeon Overview and Level Annotations

Branches:
Dungeon (5/15)             Temple (0/1) D:4

Altars:
Dithmenos
Wu Jian
Xom


Innate Abilities, Weirdness & Mutations

You have very sharp fingernails.
You are mostly covered in yellow scales. (AC +3)
You regenerate magic rapidly.
You are agile. (Dex +2)
You are resistant to electric shocks. (rElec)
Potions are less effective at restoring your health.


Message History

The orc wizard shouts!
The orc shouts!
The orc warrior shouts!
You hear a shout!
An orc comes into view. It is wielding a +0 flail.
The orc wizard seems to slow down.
The orc warrior hits you but does no damage.
The orc wizard closely misses you.
You barely miss the orc wizard. The orc warrior barely misses you.
You claw the orc wizard!
The orc wizard is heavily wounded.
The orc warrior hits you from afar with a +0 trident!
The orc wizard gestures at you while chanting.
The magic dart hits you but does no damage.
You scratch the orc wizard but do no damage.
The orc wizard is heavily wounded.
The orc warrior hits you from afar with a +0 trident!
You claw the orc wizard!
You kill the orc wizard!
Lugonu accepts your kill.
The orc warrior hits you but does no damage.
The orc warrior hits you with a +0 trident!
Things that are here:
a +0 dagger; a +0 robe; an orc corpse
Casting: Slow (safe; 11% risk of failure)
Confirm with . or Enter, or press ? or * to list all spells.
Your claws begin to glow red.
The orc warrior hits you but does no damage.
You barely miss the orc warrior. The orc warrior closely misses you.
You scratch the orc warrior but do no damage.
The orc warrior barely misses you.
You scratch the orc warrior but do no damage.
You scratch the orc warrior but do no damage.
The orc warrior hits you with a +0 trident!
You scratch the orc warrior but do no damage.
The orc warrior hits you with a +0 trident.
You scratch the orc warrior but do no damage.
The orc warrior hits you with a +0 trident!
* * * LOW HITPOINT WARNING * * *
You barely miss the orc warrior.
The orc warrior hits you with a +0 trident!
You die...

#########
#.......##
#.#####.##
###########
#.# #.#.
#..ooo@...#
#.#####..#
#.#.#######.#
#.##....##
#.......###.#
#.##.##..#
#.........#
#.......#.
#####.#####
####.#####
#.# #.# # #.#
#.# ##+## #.#
##.## #...##
#.# #...#


You could see an orc warrior and 2 orcs.

Vanquished Creatures
  Grinder (D:3)
  2 water moccasins (D:5)
  An ice beast (D:5)
  2 ogres (D:5)
  3 elf skeletons (D:4)
  A scorpion (D:4)
  An orc priest (D:4)
  3 iguanas
  A bullfrog skeleton (D:4)
  A human skeleton (D:4)
  An orc wizard (D:5)
  A howler monkey zombie (D:4)
  7 adders
  An adder zombie (D:5)
  An adder skeleton (D:4)
  2 worms
  4 dart slugs
  9 orcs
  6 ball pythons
  7 endoplasms
  2 giant cockroaches
  12 goblins
  3 hobgoblins
  2 jackals (D:1)
  5 kobolds
  5 quokkas
  2 bats (D:1)
  4 frilled lizards
  2 orc skeletons (D:4)
  7 rats
99 creatures vanquished.

Vanquished Creatures (others)
  An orc (D:5)
1 creature vanquished.

Grand Total: 100 creatures vanquished

Notes
Turn   | Place    | Note
-------+----------+-------------------------------------------
     0 | Abyss:1  | horus123 the Demonspawn Abyssal Knight began the quest for
                  | the Orb.
     0 | Abyss:1  | Reached XP level 1. HP: 18/18 MP: 2/2
     8 | Abyss:1  | Found a corrupted altar of Lugonu.
    12 | Abyss:1  | Found a corrupted altar of Lugonu.
    21 | D:1      | Escaped the Abyss
   185 | D:1      | Reached skill level 3 in Invocations
   482 | D:1      | Gained mutation: You are partially covered in yellow
                  | scales. (AC +2) [demonic ancestry]
   482 | D:1      | Reached XP level 2. HP: 9/24 MP: 4/4
   851 | D:1      | You fall into a shaft and drop 1 floor!
  1043 | D:1      | Found a faded altar of an unknown god.
  1562 | D:2      | Reached ** piety under Lugonu
  1565 | D:2      | Reached XP level 3. HP: 22/29 MP: 5/5
  1585 | D:2      | Gained mutation: You are agile. (Dex +2) [potion of
                  | mutation]
  1585 | D:2      | Gained mutation: Potions are less effective at restoring
                  | your health. [potion of mutation]
  1585 | D:2      | Gained mutation: You are resistant to electric shocks.
                  | (rElec) [potion of mutation]
  1592 | D:2      | Reached skill level 4 in Invocations
  2810 | D:3      | Noticed Grinder
  2823 | D:3      | Killed Grinder
  2824 | D:3      | Reached skill level 5 in Invocations
  2824 | D:3      | Gained mutation: You have sharp fingernails. [demonic
                  | ancestry]
  2824 | D:3      | Reached XP level 4. HP: 3/35 MP: 7/7
  2824 | D:3      | Reached XP level 5. HP: 4/41 MP: 8/8
  3715 | D:4      | Gained mutation: You regenerate magic rapidly. [demonic
                  | ancestry]
  3715 | D:4      | Reached XP level 6. HP: 43/47 MP: 9/9
  4004 | D:4      | Found a shadowy altar of Dithmenos.
  4253 | D:4      | Found a staircase to the Ecumenical Temple.
  4334 | D:4      | Reached skill level 1 in Spellcasting
  4346 | D:4      | Learned a level 2 spell: Slow
  4458 | D:4      | Found an ornate altar of the Wu Jian Council.
  4569 | D:4      | Reached *** piety under Lugonu
  4611 | D:4      | Reached skill level 6 in Invocations
  4611 | D:4      | Gained mutation: You are mostly covered in yellow scales.
                  | (AC +3) [demonic ancestry]
  4611 | D:4      | Reached XP level 7. HP: 39/52 MP: 11/11
  4867 | D:5      | Entered Level 5 of the Dungeon
  4867 | D:5      | Found a shimmering altar of Xom.
  4984 | D:5      | Reached skill level 1 in Hexes
  5088 | D:5      | Gained mutation: You have very sharp fingernails. [demonic
                  | ancestry]
  5088 | D:5      | Reached XP level 8. HP: 52/58 MP: 9/12
  5684 | D:5      | Learned a level 3 spell: Confusing Touch
  5725 | D:5      | Reached skill level 7 in Invocations
  5843 | D:5      | Slain by an orc warrior

Illustrated notes

Levels and vault maps discovered:
D:1:      amcnicky_arrival_underground_garden, layout_basic,
          shapermc_ecumenical_altar_totnotflames
D:2:      layout_loops_ring, minmay_goblin_outpost
D:3:      layout_loops_ring, uniq_grinder
D:4:      layout_basic, mainiacjoe_overflow_surrounded_room,
          nicolae_dithmenos_the_darkroom, minmay_temple_entry_statues,
          nicolae_ossuary_entry_catacombs
D:5:      layout_loops_corners, xom_confusion_cloud, minmay_misc_feat_plants

Skill      XL: |  1  2  3  4  5  6  7  8 |
---------------+-------------------------+-----
Invocations    | 3 5 6 7 |  7.1
Armour         | 2 3 |  3.1
Unarmed Combat | 2 4 |  4.6
Spellcasting   | 2 |  2.5
Evocations     | 3 4 |  4.0
Hexes          | 2 3 |  3.2
Fighting       | |  3.1
Dodging        | |  0.9

Action                   |  1- 3 |  4- 6 |  7- 9 || total
-------------------------+-------+-------+-------++-------
Melee: Unarmed           |   208 |   154 |    94 ||   456
       Punch             |     1 |       |     4 ||     5
 Cast: Slow              |       |       |     9 ||     9
       Confusing Touch   |       |       |     1 ||     1
Evoke: Wand              |       |       |    12 ||    12
  Use: Scroll            |     4 |     1 |       ||     5
       Potion            |     3 |     1 |       ||     4
 Stab: Confused          |       |       |     1 ||     1
Armor: Leather armour    |    69 |    36 |    33 ||   138
       Chain mail        |       |    18 |       ||    18
       Ring mail         |       |     6 |       ||     6
Dodge: Dodged            |    94 |    46 |    48 ||   188
